 Dungeon Crawl Stone Soup version 0.30-a0-782-ge64f9170bb (webtiles) character file.

Game seed: 15738159405136525150

394 senseless the Sneak (level 6, -11/44 HPs)
             Began as an Octopode Monk on Mar 8, 2023.
             Mangled by an ogre
             ... wielding a +0 giant club
              (29 damage)
             ... on level 5 of the Dungeon.
             The game lasted 00:10:27 (3677 turns).

senseless the Sneak (Octopode Monk)                 Turns: 3677, Time: 00:10:27

Health: -11/44     AC:  1    Str: 13    XL:     6   Next: 81%
Magic:  2/2        EV: 15    Int: 15    God:
Gold:   194        SH:  0    Dex: 16    Spells: 5/5 levels left

rFire   + . .      SeeInvis .    a - +6 short sword "Vistugoh" {antimagic, rElec rPois Str+3 Int+2}
rCold   . . .      Faith    .    (no shield)
rNeg    . . .      Spirit   .    (helmet restricted)
rPois   +          Reflect  .    (no amulet)
rElec   +          Harm     .    (no ring)
rCorr   .          Rampage  .    (no ring)
Will    .....      Rage     3%   (no ring)
Stlth   ++++                     (no ring)
HPRegen 0.27/turn                (no ring)
MPRegen 0.08/turn                (no ring)
                                 (no ring)
                                 (no ring)

@: no status effects
A: almost no armour, amphibious, 8 rings, camouflage 1, gelatinous body 1,
(nimble swimmer 1), tentacles, berserk 1, fire resistance 1, sense surroundings
1, poison resistance, MP-powered wands
a: no special abilities


You were on level 5 of the Dungeon.
You visited 1 branch of the dungeon, and saw 5 of its levels.

You collected 194 gold pieces.

Inventory:

Hand Weapons
 a - the +6 short sword "Vistugoh" (weapon) {antimagic, rElec rPois Str+3 Int+2}
   (You found it on level 3 of the Dungeon)

   Str:       It affects your strength (+3).
   Int:       It affects your intelligence (+2).
   rElec:     It insulates you from electricity.
   rPois:     It protects you from poison.
 b - a +1 sling
Missiles
 l - a throwing net
 q - 3 silver javelins (quivered)
Magical Staves
 e - a staff of conjuration
Jewellery
 r - an amulet of magic regeneration
Wands
 h - a wand of paralysis (10)
 s - a wand of light (5)
Scrolls
 d - 3 scrolls of silence {unknown}
 g - a scroll of fog {unknown}
Potions
 c - 2 potions of magic
 f - a potion of ambrosia
 m - 3 potions of lignification
 n - a potion of might {unknown}
 o - a potion of curing {unknown}
 p - a potion of heal wounds {unknown}


   Skills:
 + Level 4.4 Fighting
 + Level 4.5 Short Blades
 + Level 4.4 Dodging
 + Level 5.5 Stealth


You had 5 spell levels left.
You didn't know any spells.
Your spell library contained the following spells:

 Spells                   Type           Power      Damage    Failure   Level
 Call Canine Familiar     Summ           0%         N/A       63%         3
 Dazzling Flash           Conj/Hex       0%         N/A       63%         3
 Portal Projectile        Hex/Tloc       0%         N/A       63%         3
 Tukima's Dance           Hex            0%         N/A       63%         3
 Iskenderun's Mystic Bla  Conj/Tloc      0%         2d3       95%         4
 Leda's Liquefaction      Hex/Erth       0%         N/A       95%         4
 Blade Hands              Tmut           0%         N/A       100%        5
 Starburst                Conj/Fire      0%         6d3       100%        6


Dungeon Overview and Level Annotations

Branches:
Dungeon (5/15)
 Temple: D:4-7

Altars:
Ashenzari
Hepliaklqana
Okawaru
Sif Muna


Innate Abilities, Weirdness & Mutations

You cannot wear most types of armour.
You are amphibious.
You can wear up to eight rings at the same time.
Your skin changes colour to match your surroundings (Stealth+).
Your rubbery body absorbs attacks. (AC +1, EV +1)
((You are camouflaged when in or above water. (Stealth+)))
You have tentacles for arms and can constrict up to eight enemies at once.
You sometimes lose your temper in combat.
Your flesh is heat resistant. (rF+)
You passively map a small area around you.
Your system is resistant to poisons. (rPois)
You expend magic power (3 MP) to strengthen your wands.


Message History

There is a stone staircase leading down here.
You see here a +2 dagger of freezing.
HP restored.
There is a stone staircase leading down here.
You feel magic returning to you.
b - a +1 sling (weapon)
You climb downwards.
Found a ring mail.
There is a stone staircase leading up here.
No target in view!
You climb upwards.
There is a stone staircase leading down here.
Magic restored.
There is a stone staircase leading down here.
You climb downwards.
There is a stone staircase leading up here.
You open the door.
You feel stronger.
You feel clever.
You feel magic leave you.
a - the +6 short sword "Vistugoh" (weapon)
{antimagic, rElec rPois Str+3 Int+2} You hit the orc.
You grab the orc.
The orc is lightly wounded.
You constrict the orc, but do no damage.
An orc opens the door.
The orc struggles to escape constriction.
You puncture the orc!
You kill the orc!
You hit the orc. Your grab misses the orc.
The orc is lightly wounded.
You puncture the orc!
You kill the orc!
You barely miss the ogre. The orc hits you with a +0 flail.
The ogre hits you with a +0 giant club!
You hit the ogre. Your squeeze misses the ogre.
The ogre is lightly wounded.
The orc hits you with a +0 flail!
You are too injured to fight recklessly!
The ogre hits you with a +0 giant club!!
Ouch! That really hurt!
You die...

, * * ##+####*# *
* #..... .# , ,
+.... ..# ,
,#####.......# #
#......#....#
###.#O#......####
,
#....@o.o<)?.....
,
###...#.....!....,
#...'.......... ,
#.#.#.......... ,
#.#.#.......... ,
#.#.#.......o.. #
#.####..#.... ,#.#
..#...#
#.####......,, *


You could see an ogre and 2 orcs.

Vanquished Creatures
  2 black bears (D:4)
  A necrophage (D:4)
  A hound (D:4)
  An iguana (D:4)
  2 adders
  2 ufetubi (D:4)
  2 worms
  6 orcs
  2 bats
  6 endoplasms
  A giant cockroach (D:1)
  4 goblins
  A hobgoblin (D:2)
  6 jackals (D:2)
  3 quokkas
  5 ball pythons
  7 frilled lizards
  7 kobolds
  3 rats
  3 bushes (D:3)
65 creatures vanquished.

Vanquished Creatures (others)
  A plant (D:3)
1 creature vanquished.

Grand Total: 66 creatures vanquished

Notes
Turn   | Place    | Note
-------+----------+-------------------------------------------
     0 | D:1      | senseless the Octopode Monk began the quest for the Orb.
     0 | D:1      | Reached XP level 1. HP: 16/16 MP: 1/1
   505 | D:1      | Reached skill level 3 in Stealth
   505 | D:1      | Reached XP level 2. HP: 21/21 MP: 2/2
  1138 | D:2      | Reached XP level 3. HP: 22/26 MP: 3/3
  1651 | D:3      | Found a shimmering blue altar of Sif Muna.
  1660 | D:3      | Identified the +1 long sword of Wisdom {antimagic, rElec
                  | Str+4}
  1677 | D:3      | Identified the +6 short sword "Vistugoh" {antimagic, rElec
                  | rPois Str+3 Int+2}
  1854 | D:3      | Found an iron altar of Okawaru.
  1909 | D:3      | Reached XP level 4. HP: 30/31 MP: 1/4
  2630 | D:3      | Gained mutation: You have hidden genetic potential. [potion
                  | of mutation]
  2630 | D:3      | Gained mutation: You expend magic power (3 MP) to
                  | strengthen your wands. [potion of mutation]
  2630 | D:3      | Gained mutation: You sometimes lose your temper in combat.
                  | [potion of mutation]
  2630 | D:3      | Gained mutation: Your flesh is heat resistant. (rF+)
                  | [potion of mutation]
  2789 | D:4      | Reached skill level 4 in Stealth
  2874 | D:4      | Noticed a necrophage
  2883 | D:4      | Killed a necrophage
  2884 | D:4      | Reached XP level 5. HP: 36/37 MP: 1/5
  2895 | D:4      | Gained mutation: You passively map a small area around you.
                  | [hidden potential]
  3017 | D:4      | Found a broken altar of Ashenzari.
  3033 | D:4      | Found a hazy altar of Hepliaklqana.
  3213 | D:4      | Noticed a black bear
  3218 | D:4      | Killed a black bear
  3219 | D:4      | Reached skill level 5 in Stealth
  3219 | D:4      | Reached XP level 6. HP: 35/43 MP: 2/6
  3225 | D:4      | Gained mutation: Your system is resistant to poisons.
                  | (rPois) [hidden potential]
  3225 | D:4      | Lost mutation: You have hidden genetic potential. [hidden
                  | potential expressed]
  3306 | D:4      | Noticed a black bear
  3313 | D:4      | Killed a black bear
  3584 | D:5      | Entered Level 5 of the Dungeon
  3677 | D:5      | Mangled by an ogre

Illustrated notes

Levels and vault maps discovered:
D:1:      scummos_arrival_hexagon, layout_loops_cross,
          chequers_decorated_corner, minmay_hedge_maze, minmay_lizard_pond
D:2:      layout_basic
D:3:      minmay_skewed_foursquare, layout_rooms, lemuel_doored_altar,
          nicolae_sif_muna_condensation, serial_forest, infiniplex_forest_split,
          infiniplex_forest_straight_1, infiniplex_forest_clump_small,
          infiniplex_forest_clump_diagonal
D:4:      layout_loops_ring, kennysheep_mini,
          mainiacjoe_overflow_small_starburst
D:5:      nicolae_cairo_tiling_very_big, layout_basic,
          nicolae_overflow_two_pavilions, minmay_temple_entry_proselytizer

Skill      XL: |  1  2  3  4  5 |
---------------+----------------+-----
Stealth        | 3 4 5 |  5.5
Fighting       | 4 |  4.4
Short Blades   | 4 |  4.5
Dodging        | 4 |  4.4

Action                     |  1- 3 |  4- 6 || total
---------------------------+-------+-------++-------
  Melee: Short sword       |    71 |   288 ||   359
         Constrict         |    17 |     8 ||    25
         Tentacles         |    10 |    91 ||   101
         Punch             |       |     3 ||     3
   Fire: Sling             |    51 |    43 ||    94
    Use: Scroll            |       |    11 ||    11
         Potion            |       |     1 ||     1
   Stab: Sleeping          |     3 |       ||     3
 Armour: Skin              |     7 |     3 ||    10
  Dodge: Dodged            |    51 |    19 ||    70

Table legend: (Time is in decaauts)
 A = Elapsed time spent in this place.
 B = Non-inter-level travel time spent in this place.
 C = Inter-level travel time spent in this place.
 D = Time resting spent in this place.
 E = Time spent auto-exploring this place.
 F = Levels seen in this place.
 G = Mean time per level.
                   A        B        C        D        E       F      G
               +--------+--------+--------+--------+--------+-----+--------+
         Total |   3623 |   3279 |    344 |      8 |   2520 |   5 |  724.6 |
       Dungeon |   3623 |   3279 |    344 |      8 |   2520 |   5 |  724.6 |
               +--------+--------+--------+--------+--------+-----+--------+

Top non-repeatable levels by time:
     D:3: 1043 daAuts
     D:4: 931 daAuts
     D:2: 827 daAuts
     D:1: 809 daAuts
     D:5: 11 daAuts
